 Dungeon Crawl Stone Soup version 0.24.0-123-gd5b16e6ec5 (webtiles) character file.

Game seed: 16370211152066804256, levelgen mode: deterministic

159 ANON1729 the Twirler (level 5, -3/41 HPs)
             Began as a Demonspawn Gladiator on Jan 5, 2020.
             Slain by a killer bee (8 damage)
             ... on level 4 of the Dungeon.
             The game lasted 00:03:37 (3206 turns).

ANON1729 the Twirler (Demonspawn Gladiator)         Turns: 3206, Time: 00:03:37

Health: -3/41      AC:  4    Str: 14    XL:     5   Next: 17%
Magic:  5/5        EV: 13    Int: 10    God:
Gold:   73         SH:  0    Dex: 15    Spells: 4/4 levels left

rFire    . . .     SeeInvis .   a - +0 quarterstaff
rCold    . . .     Gourm    .   (shield currently unavailable)
rNeg     . . .     Faith    .   b - +1 leather armour
rPois    .         Spirit   .   (helmet restricted)
rElec    .         Reflect  .   (no cloak)
rCorr    +         Harm     .   (no gloves)
MR       .....                  (no boots)
Stlth    +.........             (no amulet)
HPRegen  0.13/turn              g - ring of resist corrosion
MPRegen  0.09/turn              (no ring)

@: lethally poisoned (-3 -> -6)
A: antennae 1, powered by pain 1
a: no special abilities


You were on level 4 of the Dungeon.
You were not hungry.

You visited 1 branch of the dungeon, and saw 4 of its levels.

You collected 73 gold pieces.

Inventory:

Hand Weapons
 a - a +0 quarterstaff (weapon)
Missiles
 d - 4 throwing nets (quivered)
Armour
 b - a +1 leather armour (worn)
 c - a +0 helmet
Jewellery
 g - a ring of resist corrosion (left hand)
Wands
 m - a wand of paralysis (10)
Scrolls
 h - a scroll of immolation {unknown}
 i - a scroll of random uselessness {unknown}
 j - a scroll of amnesia
 k - a scroll of blinking {unknown}
 l - 2 scrolls of enchant armour
 n - a scroll of identify {unknown}
Comestibles
 f - 6 rations


   Skills:
 + Level 3.1 Fighting
 + Level 3.5 Staves
 + Level 2.9 Throwing
 + Level 3.5 Dodging


You had 4 spell levels left.
You didn't know any spells.
Your spell library was empty.

Dungeon Overview and Level Annotations

Branches:
Dungeon (4/15)
 Temple: D:4-7

Altars:
Dithmenos


Innate Abilities, Weirdness & Mutations

You have a pair of small antennae on your head.
You sometimes gain a little power by taking damage.


Message History

Unknown command.
You miss the killer bee.
You feel sick. The killer bee stings you. The killer bee barely misses you.
As you read the scroll labeled QEATUMO KUNNEPO, it crumbles to dust.
You feel blessed for a moment.
It was a scroll of remove curse.
The killer bee stings you!
As you read the scroll labeled ZIUCEMI SUEKOA, it crumbles to dust.
It is a scroll of amnesia.
You feel forgetful for a moment.
You feel sick. The killer bee stings you.
* * * LOW HITPOINT WARNING * * *
The killer bee stings you.
* * * LOW HITPOINT WARNING * * *
The killer bee closely misses you. The killer bee completely misses you.
As you read the scroll labeled XIJAPLI JALUL, it crumbles to dust.
It is a scroll of enchant armour.
Your +0 leather armour glows green for a moment.
The killer bee barely misses you. The killer bee stings you.
* * * LOW HITPOINT WARNING * * *
The killer bee stings you!
You die...

####### #########
#.(.... #.......#
....... #.......#
....... #...)...#
.......##.......######
.......'y@......'....#
#......##y......####.#
#...... #.......# #.#
#...... ######### #.#
......# #.# ..y... #.#
...... #.# y..... #.#
#.#


You could see 2 killer bees.

Vanquished Creatures
  Robin (D:3)
  5 gnolls
  3 adders
  2 dart slugs
  2 leopard geckos
  2 orcs (D:3)
  A ball python (D:3)
  4 giant cockroaches
  13 goblins
  12 hobgoblins
  2 jackals (D:2)
  3 kobolds
  5 bats
  7 rats
62 creatures vanquished.

Notes
Turn   | Place    | Note
-------+----------+-------------------------------------------
     0 | D:1      | ANON1729 the Demonspawn Gladiator began the quest for the
                  | Orb.
     0 | D:1      | Reached XP level 1. HP: 16/16 MP: 1/1
   273 | D:1      | Gained mutation: You sometimes gain a little power by
                  | taking damage. [demonic ancestry]
   273 | D:1      | Reached XP level 2. HP: 15/23 MP: 2/2
   656 | D:1      | Reached XP level 3. HP: 28/28 MP: 3/3
  1038 | D:2      | Found a shadowy altar of Dithmenos.
  1403 | D:2      | You fall into a shaft and drop 2 floors!
  1592 | D:3      | Gained mutation: You have a pair of small antennae on your
                  | head. [demonic ancestry]
  1592 | D:3      | Reached XP level 4. HP: 30/34 MP: 4/4
  2045 | D:3      | Noticed Robin
  2623 | D:3      | Killed Robin
  2708 | D:3      | Reached XP level 5. HP: 31/41 MP: 5/5
  3206 | D:4      | Slain by a killer bee

Levels and vault maps discovered:
D:1:      psy_arrival_dodecagon, layout_basic
D:2:      layout_loops_ring, nicolae_dithmenos_shadow_blocks
D:3:      layout_loops_corners, uniq_robin
D:4:      layout_basic, first_ration

Skill      XL: |  1  2  3  4 |
---------------+-------------+-----
Throwing       | 2 |  2.9
Staves         | 3 |  3.5
Dodging        | 3 |  3.5
Fighting       | 3 |  3.1

Action                   |  1- 3 |  4- 6 || total
-------------------------+-------+-------++-------
Melee: Quarterstaff      |    85 |   113 ||   198
  Use: Potion            |     2 |       ||     2
       Scroll            |       |     3 ||     3
 Stab: Distracted        |       |     1 ||     1
       Sleeping          |       |     1 ||     1
  Eat: Chunk             |     1 |     6 ||     7
Armor: Leather armour    |    32 |    17 ||    49
Dodge: Dodged            |    69 |    85 ||   154
